General information
- name: BNet
- type: Ladder team game (AT/RT)
- host: Battle.net
- saver: PRESS.ONWARD.
map: MarketSquare
- players: 8
- length: 25:36
- speed: Fast
- version: 1.26 W3XP
- replay type: Public
» download(169 KB)
Players
team 1 (loser)

»
alfilcb (
green | 156 APM | 2748 actions | 17:34)
4 Death Knight
2 Death Coil
2 Unholy Aura
» actions
| Assign group hotkey | 15 | |
| Basic commands | 5 | |
| Build / train | 34 | |
| Enter build submenu | 16 | |
| Enter hero's abilities submenu | 4 | |
| Right click | 1016 | |
| Select / deselect | 140 | |
| Select group hotkey | 1473 | |
| Use ability | 45 | |
2748 total
» units
| Acolyte | 4 | |
| Ghoul | 5 | |
| Crypt Fiend | 5 | |
| Frost Wyrm | 4 | |
18 total
» upgrades
| Creature Attack | 1 | |
| Web | 1 | |
| Creature Carapace | 1 | |
| Freezing Breath | 1 | |
4 total
» buildings
| Crypt | 1 | |
| Altar of Darkness | 1 | |
| Ziggurat | 8 | |
| Graveyard | 1 | |
| Halls of the Dead | 1 | |
| Black Citadel | 1 | |
| Sacrificial Pit | 1 | |
| Boneyard | 2 | |
| Spirit Tower | 2 | |
18 total
» build order
00:11 Crypt
00:13 Altar of Darkness
00:35 Ziggurat
01:03 Graveyard
02:22 Halls of the Dead
02:37 Ziggurat
04:44 Black Citadel
05:04 Ziggurat
06:28 Sacrificial Pit
06:33 Ziggurat
07:20 Boneyard
07:21 Boneyard
07:57 Ziggurat
08:00 Ziggurat
14:06 Ziggurat
14:07 Ziggurat
14:29 Spirit Tower
15:00 Spirit Tower
» items
| Rod of Necromancy | 1 | |
| Dust of Appearance | 1 | |
| Potion of Healing | 1 | |
3 total

»
DontGetOwned (
teal | 50 APM | 1207 actions | 24:21)
6 Keeper of the Grove
3 Entangling Roots
2 Thorns Aura
1 Tranquility
» actions
| Basic commands | 46 | |
| Build / train | 86 | |
| ESC pressed | 8 | |
| Enter build submenu | 16 | |
| Enter hero's abilities submenu | 6 | |
| Right click | 556 | |
| Select / deselect | 376 | |
| Use ability | 113 | |
1207 total
» units
| Wisp | 32 | |
| Archer | 5 | |
| Druid of the Claw | 10 | |
| Dryad | 5 | |
| Mountain Giant | 2 | |
| Gryphon Rider | 1 | |
55 total
» upgrades
| Strength of the Wild | 3 | |
| Reinforced Hides | 3 | |
| Ultravision | 1 | |
| Druid of the Claw Training | 2 | |
| Abolish Magic | 1 | |
| Mark of the Claw | 1 | |
| Well Spring | 1 | |
| Nature's Blessing | 1 | |
| Hardened Skin | 1 | |
| Resistant Skin | 2 | |
16 total
» buildings
| Moon Well | 8 | |
| Altar of Elders | 1 | |
| Ancient of War | 1 | |
| Tree of Ages | 1 | |
| Hunter's Hall | 2 | |
| Tree of Life | 2 | |
| Tree of Eternity | 1 | |
| Ancient of Lore | 3 | |
| Ancient of Wonders | 1 | |
20 total
» build order
00:12 Moon Well
00:22 Altar of Elders
01:14 Ancient of War
01:24 Moon Well
01:44 Moon Well
03:12 Tree of Ages
03:59 Hunter's Hall
04:03 Hunter's Hall
05:09 Tree of Life
05:30 Moon Well
05:31 Moon Well
05:54 Tree of Eternity
06:39 Ancient of Lore
06:40 Ancient of Lore
06:41 Ancient of Lore
09:48 Ancient of Wonders
13:04 Moon Well
13:06 Moon Well
13:08 Moon Well
19:25 Tree of Life
» items
| Dust of Appearance | 1 | |
| Scroll of Town Portal | 1 | |
| Moonstone | 1 | |
3 total

»
frozenmatrix (
orange | 35 APM | 848 actions | 24:11)
5 Mountain King
3 Storm Bolt
2 Bash
5 Paladin
3 Holy Light
2 Divine Shield
» actions
| Basic commands | 8 | |
| Build / train | 73 | |
| Enter build submenu | 31 | |
| Enter hero's abilities submenu | 10 | |
| Give item / drop item | 2 | |
| Right click | 372 | |
| Select / deselect | 296 | |
| Use ability | 56 | |
848 total
» units
» upgrades
| Masonry | 3 | |
| Lumber Harvesting | 2 | |
| Swords | 2 | |
| Armor | 2 | |
| Storm Hammers | 1 | |
| Animal War Training | 1 | |
11 total
» buildings
| Farm | 13 | |
| Altar of Kings | 1 | |
| Lumber Mill | 1 | |
| Scout Tower | 9 | |
| Arcane Tower | 1 | |
| Guard Tower | 8 | |
| Arcane Vault | 1 | |
| Keep | 1 | |
| Town Hall | 1 | |
| Castle | 1 | |
| Blacksmith | 1 | |
| Gryphon Aviary | 3 | |
| Barracks | 1 | |
42 total
» build order
00:11 Farm
00:15 Altar of Kings
00:49 Farm
01:08 Lumber Mill
01:28 Farm
02:04 Scout Tower
02:09 Scout Tower
02:32 Arcane Tower
02:37 Farm
02:39 Guard Tower
02:45 Scout Tower
03:16 Arcane Vault
03:18 Guard Tower
03:28 Farm
03:34 Farm
04:13 Farm
04:18 Farm
04:23 Keep
06:33 Town Hall
06:48 Castle
07:14 Blacksmith
08:00 Scout Tower
08:04 Scout Tower
08:18 Scout Tower
08:29 Guard Tower
08:33 Guard Tower
08:41 Guard Tower
08:50 Gryphon Aviary
08:53 Gryphon Aviary
08:58 Gryphon Aviary
09:47 Farm
10:22 Scout Tower
11:24 Farm
11:28 Guard Tower
11:31 Scout Tower
12:10 Farm
12:22 Guard Tower
12:29 Scout Tower
12:56 Barracks
13:00 Guard Tower
16:57 Farm
18:37 Farm
» items
| Orb of Fire | 2 | |
| Scroll of Town Portal | 3 | |
| Scroll of Regeneration | 2 | |
7 total
PRESS.ONWARD. (
yellow | 58 APM | 1497 actions | 25:36)
4 Firelord
2 Summon Lava Spawn
2 Soul Burn
» actions
| Assign group hotkey | 37 | |
| Basic commands | 64 | |
| Build / train | 54 | |
| ESC pressed | 1 | |
| Enter build submenu | 18 | |
| Enter hero's abilities submenu | 4 | |
| Give item / drop item | 3 | |
| Remove unit from queue | 1 | |
| Right click | 584 | |
| Select / deselect | 210 | |
| Select group hotkey | 463 | |
| Use ability | 58 | |
1497 total
» units
| Acolyte | 7 | |
| Ghoul | 3 | |
| Crypt Fiend | 4 | |
| Gargoyle | 7 | |
| Frost Wyrm | 4 | |
25 total
» upgrades
| Creature Attack | 1 | |
| Web | 1 | |
| Creature Carapace | 1 | |
| Burrow | 1 | |
4 total
» buildings
| Graveyard | 1 | |
| Crypt | 2 | |
| Altar of Darkness | 1 | |
| Ziggurat | 8 | |
| Tomb of Relics | 1 | |
| Nerubian Tower | 1 | |
| Halls of the Dead | 3 | |
| Spirit Tower | 5 | |
| Black Citadel | 1 | |
| Sacrificial Pit | 1 | |
| Boneyard | 2 | |
| Necropolis | 1 | |
27 total
» build order
00:07 Graveyard
00:09 Crypt
00:45 Altar of Darkness
00:59 Ziggurat
01:26 Tomb of Relics
01:56 Nerubian Tower
02:12 Ziggurat
03:54 Halls of the Dead
03:54 Halls of the Dead
03:55 Halls of the Dead
04:55 Ziggurat
05:22 Spirit Tower
05:25 Ziggurat
06:22 Spirit Tower
06:50 Black Citadel
07:30 Sacrificial Pit
08:15 Crypt
09:35 Boneyard
09:55 Necropolis
11:11 Boneyard
12:36 Spirit Tower
13:47 Ziggurat
13:48 Ziggurat
13:50 Ziggurat
14:04 Ziggurat
14:56 Spirit Tower
14:59 Spirit Tower
» items
| Rod of Necromancy | 2 | |
| Dust of Appearance | 2 | |
| Staff of Teleportation | 1 | |
| Scroll of Town Portal | 2 | |
| Orb of Corruption | 1 | |
8 total
team 2 (winner)
POOPY-MCGOATSE (
purple | 60 APM | 1524 actions | 25:36)
6 Blademaster
3 Wind Walk
2 Critical Strike
1 Bladestorm
5 Shadow Hunter
3 Healing Wave
2 Hex
» actions
| Assign group hotkey | 34 | |
| Basic commands | 32 | |
| Build / train | 100 | |
| ESC pressed | 1 | |
| Enter build submenu | 29 | |
| Enter hero's abilities submenu | 11 | |
| Give item / drop item | 1 | |
| Remove unit from queue | 5 | |
| Right click | 560 | |
| Select / deselect | 280 | |
| Select group hotkey | 406 | |
| Use ability | 65 | |
1524 total
» units
| Peon | 17 | |
| Grunt | 9 | |
| Shaman | 3 | |
| Raider | 3 | |
| Tauren | 1 | |
| Troll Batrider | 31 | |
64 total
» upgrades
| Melee Weapons | 3 | |
| Berserker Strength | 1 | |
| Pillage | 1 | |
| Ensnare | 1 | |
| Shaman Training | 2 | |
| Armor | 1 | |
| Reinforced Defenses | 1 | |
| Pulverize | 1 | |
11 total
» buildings
| Altar of Storms | 1 | |
| Orc Burrow | 7 | |
| Barracks | 2 | |
| Voodoo Lounge | 2 | |
| Stronghold | 1 | |
| War Mill | 1 | |
| Great Hall | 2 | |
| Watch Tower | 6 | |
| Beastiary | 4 | |
| Spirit Lodge | 1 | |
| Fortress | 1 | |
| Tauren Totem | 2 | |
30 total
» build order
00:12 Altar of Storms
00:15 Orc Burrow
00:34 Barracks
01:43 Orc Burrow
02:11 Voodoo Lounge
02:16 Voodoo Lounge
03:50 Orc Burrow
03:59 Stronghold
04:33 War Mill
05:09 Orc Burrow
05:13 Orc Burrow
07:12 Great Hall
07:20 Watch Tower
08:17 Watch Tower
08:23 Beastiary
08:24 Spirit Lodge
08:27 Beastiary
09:28 Fortress
09:32 Watch Tower
11:40 Orc Burrow
11:43 Orc Burrow
11:49 Watch Tower
12:55 Tauren Totem
12:56 Tauren Totem
15:49 Beastiary
15:50 Beastiary
15:57 Barracks
16:07 Watch Tower
16:08 Watch Tower
17:21 Great Hall
» items
| Healing Salve | 2 | |
| Scroll of Speed | 1 | |
| Scroll of Town Portal | 1 | |
| Orb of Lightning | 1 | |
5 total

»
mekaneck222 (
pink | 34 APM | 645 actions | 18:50)
3 Blademaster
2 Wind Walk
1 Critical Strike
» actions
| Basic commands | 4 | |
| Build / train | 49 | |
| Enter build submenu | 27 | |
| Enter hero's abilities submenu | 3 | |
| Right click | 274 | |
| Select / deselect | 239 | |
| Use ability | 49 | |
645 total
» units
| Peon | 10 | |
| Troll Batrider | 20 | |
| Wind Rider | 5 | |
35 total
» upgrades
| Ranged Weapons | 2 | |
| Liquid Fire | 1 | |
| Armor | 1 | |
| Envenomed Spears | 1 | |
5 total
» buildings
| Orc Burrow | 10 | |
| Altar of Storms | 1 | |
| War Mill | 1 | |
| Voodoo Lounge | 1 | |
| Watch Tower | 7 | |
| Stronghold | 1 | |
| Beastiary | 5 | |
| Fortress | 1 | |
27 total
» build order
00:35 Orc Burrow
00:38 Altar of Storms
01:26 War Mill
01:29 Orc Burrow
01:47 Voodoo Lounge
02:50 Orc Burrow
02:57 Watch Tower
03:30 Orc Burrow
04:07 Orc Burrow
04:13 Watch Tower
04:58 Watch Tower
05:01 Stronghold
05:11 Watch Tower
05:25 Watch Tower
06:07 Orc Burrow
06:54 Watch Tower
07:06 Orc Burrow
08:01 Beastiary
08:04 Beastiary
08:09 Beastiary
08:21 Beastiary
08:24 Beastiary
09:35 Fortress
10:12 Watch Tower
11:34 Orc Burrow
17:21 Orc Burrow
17:26 Orc Burrow
» items
| Healing Salve | 1 | |
| Lesser Clarity Potion | 1 | |
| Orb of Lightning | 1 | |
3 total

»
dntBUGGAman (
red | 46 APM | 1182 actions | 25:36)
4 Demon Hunter
2 Evasion
2 Mana Burn
4 Pit Lord
2 Rain of Fire
2 Howl of Terror
» actions
| Assign group hotkey | 25 | |
| Basic commands | 171 | |
| Build / train | 72 | |
| Enter build submenu | 20 | |
| Enter hero's abilities submenu | 8 | |
| Give item / drop item | 3 | |
| Remove unit from queue | 1 | |
| Right click | 237 | |
| Select / deselect | 279 | |
| Select group hotkey | 312 | |
| Use ability | 53 | |
1182 total
» units
| Wisp | 20 | |
| Archer | 11 | |
| Druid of the Claw | 6 | |
| Dryad | 8 | |
45 total
» upgrades
| Reinforced Hides | 3 | |
| Abolish Magic | 1 | |
| Druid of the Claw Training | 2 | |
| Mark of the Claw | 1 | |
| Strength of the Wild | 3 | |
10 total
» buildings
| Ancient of War | 1 | |
| Altar of Elders | 1 | |
| Moon Well | 10 | |
| Tree of Ages | 1 | |
| Hunter's Hall | 1 | |
| Tree of Eternity | 1 | |
| Ancient of Lore | 2 | |
| Ancient of Wonders | 1 | |
| Ancient Protector | 1 | |
| Tree of Life | 1 | |
20 total
» build order
00:08 Ancient of War
00:11 Altar of Elders
00:15 Moon Well
01:56 Moon Well
02:00 Moon Well
02:54 Moon Well
03:34 Tree of Ages
04:42 Moon Well
05:14 Hunter's Hall
05:44 Moon Well
06:16 Tree of Eternity
06:47 Ancient of Lore
06:54 Ancient of Lore
08:24 Moon Well
09:30 Ancient of Wonders
11:57 Moon Well
12:01 Moon Well
14:04 Ancient Protector
17:35 Moon Well
18:32 Tree of Life
» items
| Orb of Venom | 1 | |
| Potion of Mana | 1 | |
| Scroll of Town Portal | 1 | |
3 total
Tilapia (
blue | 42 APM | 1075 actions | 25:36)
7 Paladin
3 Devotion Aura
3 Holy Light
1 Resurrection
3 Mountain King
2 Storm Bolt
1 Bash
4 Pandaren Brewmaster
2 Drunken Brawler
2 Breath of Fire
» actions
| Assign group hotkey | 17 | |
| Basic commands | 97 | |
| Build / train | 102 | |
| ESC pressed | 1 | |
| Enter build submenu | 24 | |
| Enter hero's abilities submenu | 14 | |
| Give item / drop item | 5 | |
| Right click | 206 | |
| Select / deselect | 295 | |
| Select group hotkey | 225 | |
| Use ability | 89 | |
1075 total
» units
| Peasant | 17 | |
| Footman | 3 | |
| Knight | 4 | |
| Siege Engine | 11 | |
| Spell Breaker | 3 | |
38 total
» upgrades
| Masonry | 3 | |
| Defend | 1 | |
| Lumber Harvesting | 2 | |
| Plating | 3 | |
| Barrage | 1 | |
| Animal War Training | 1 | |
| Swords | 2 | |
| Gunpowder | 3 | |
16 total
» buildings
| Altar of Kings | 1 | |
| Farm | 10 | |
| Scout Tower | 5 | |
| Arcane Tower | 1 | |
| Lumber Mill | 2 | |
| Barracks | 1 | |
| Arcane Vault | 1 | |
| Town Hall | 2 | |
| Keep | 1 | |
| Guard Tower | 4 | |
| Blacksmith | 1 | |
| Castle | 1 | |
| Workshop | 2 | |
| Arcane Sanctum | 1 | |
33 total
» build order
00:11 Altar of Kings
00:14 Farm
00:18 Scout Tower
01:04 Arcane Tower
01:09 Lumber Mill
01:43 Farm
01:55 Barracks
02:05 Farm
02:30 Arcane Vault
04:55 Scout Tower
05:04 Town Hall
05:17 Scout Tower
05:21 Keep
05:34 Guard Tower
06:22 Guard Tower
06:24 Scout Tower
06:51 Guard Tower
06:52 Scout Tower
07:19 Guard Tower
07:24 Blacksmith
08:04 Castle
09:05 Workshop
09:59 Lumber Mill
10:03 Farm
10:04 Farm
12:44 Arcane Sanctum
13:09 Farm
13:12 Farm
13:12 Farm
13:17 Farm
13:18 Farm
15:21 Workshop
20:24 Town Hall
» items
| Scroll of Regeneration | 2 | |
| Boots of Speed | 3 | |
| Circlet of Nobility | 3 | |
| Potion of Lesser Invulnerability | 4 | |
| Orb of Fire | 4 | |
| Scroll of Town Portal | 3 | |
| Lesser Clarity Potion | 1 | |
| Potion of Mana | 1 | |
| Staff of Sanctuary | 1 | |
22 total
Chat log
(00:27 / All) frozenmatrix: vem chupas minha minhoca tilapia
(00:52 / All) Tilapia: i only speak english
(00:58 / All) alfilcb: si
(01:09 / Allies) alfilcb: and not well
(01:13 / All) alfilcb: care e bonda
(02:08 / Allies) DontGetOwned: units?
(02:11 / Allies) alfilcb: frosts
(02:13 / Allies) frozenmatrix: gryphns
(03:22 / All) alfilcb: :)
(03:45 / Allies) DontGetOwned: hit the tower
(03:48 / Allies) alfilcb: tower
(05:22 / Allies) DontGetOwned: I guess I will get melee
(05:25 / Allies) frozenmatrix: wait gettin my peons'
(05:47 / Allies) frozenmatrix: teal
(07:18 / Allies) PRESS.ONWARD.: gonna be hone sti just want volcanoe dont care for winning
(10:18 / Allies) alfilcb: b
(10:27 / Allies) frozenmatrix: tp out
(10:31 / Allies) frozenmatrix: cancel all
(10:51 / Allies) frozenmatrix: jesus
(10:53 / Allies) alfilcb: tf shitty yllw
(10:54 / Allies) alfilcb: damn
(11:00 / Allies) frozenmatrix: omg
(11:02 / Allies) alfilcb: fuckin cunt
(11:05 / Allies) PRESS.ONWARD.: lawl
(11:09 / Allies) frozenmatrix: told u guys ouy
(11:10 / Allies) frozenmatrix: out
(12:07 / Allies) alfilcb: yllw fuckin shit
(12:11 / Allies) alfilcb: how u can tp to my hero
(12:15 / Allies) alfilcb: dumb ass
(12:17 / Allies) PRESS.ONWARD.: lawl u act like it was an accident
(13:40 / Allies) frozenmatrix: meet mid
(14:07 / Allies) frozenmatrix: lets get their exp[o
(14:21 / Allies) PRESS.ONWARD.: there goes ur hall
(14:42 / Allies) DontGetOwned: UD doesnt need a hall
(14:49 / Allies) PRESS.ONWARD.: well
(14:50 / Allies) PRESS.ONWARD.: true but
(14:56 / All) frozenmatrix: all those bats for one hall
(15:01 / Allies) DontGetOwned: But
(15:04 / Allies) DontGetOwned: You guys left me....
(15:19 / Allies) frozenmatrix: meet
(16:56 / All) PRESS.ONWARD.: LAWL
(17:05 / Allies) alfilcb: shit
(17:11 / Allies) alfilcb: u are fuckin kiddin me fuckin nub
(17:16 / Allies) frozenmatrix: come teal
(17:23 / Allies) PRESS.ONWARD.: clown
(17:27 / Allies) PRESS.ONWARD.: it was obvious i was a stabber
(17:29 / Allies) DontGetOwned: hit main
(17:30 / All) alfilcb: yllw is a tked
(17:33 / All) alfilcb: bg nubs
(17:40 / Allies) frozenmatrix: roar
(17:47 / Allies) frozenmatrix: roar aqgain
(18:03 / Allies) frozenmatrix: we got this
(18:40 / All) PRESS.ONWARD.: u guys are seriously awful i stabbed and ur still losing
(19:27 / Allies) frozenmatrix: wtf yel;low
(19:43 / Allies) frozenmatrix: yellow is bsing teal
(19:54 / Allies) DontGetOwned: Yellow, just let us play it
(20:06 / Allies) DontGetOwned: If they lose it'll be a better game
(20:34 / Allies) frozenmatrix: kill yellow hero
(20:46 / Allies) frozenmatrix: yellow you piece of shit
(20:53 / Allies) frozenmatrix: hope ur mom dies
(20:54 / Allies) DontGetOwned: just hit the next base
(21:19 / Allies) frozenmatrix: you hear me yellow, i will make ur family die
(21:42 / All) PRESS.ONWARD.: u guys here?
(21:48 / All) PRESS.ONWARD.: im tking my team, im on ur side
(21:48 / Allies) frozenmatrix: fuck you
(21:56 / All) frozenmatrix: what a noob lol
(21:59 / All) DontGetOwned: So don't attack him
(22:30 / Allies) frozenmatrix: LOLOLOLOL
(22:33 / Allies) frozenmatrix: RUN YELLOW BITCH
(23:18 / Allies) frozenmatrix: what is it yellow
(23:22 / Allies) frozenmatrix: why did u run bitchg
(23:30 / Allies) PRESS.ONWARD.: lawl
(24:06 / Allies) frozenmatrix: nice yellow, remember that, ur family will die
(24:06 / All) DontGetOwned: Another horrible game
(24:38 / All) PRESS.ONWARD.: u guys are so awful im not even kidding
(24:50 / All) PRESS.ONWARD.: i killed green and u guys still nearly lost